Rangers vs Canucks
Created - November 16, 2017 at 23:30
Goals
|
Rangers |
0 |
2 |
1 |
3 |
Canucks |
1 |
0 |
1 |
2 |
|
Shots
|
Rangers |
6 |
15 |
10 |
31 |
Canucks |
14 |
8 |
17 |
39 |
|
1st period
1. Canucks , Clarke MacArthur 4 (Matt Stajan 8, Maxim Afinogenov 8) at 0:56 (PP)
Penalties :
Mike Cammalleri (NYR) for Tripping (Minor) at 0:21, Rene Bourque (Van) for Hooking (Minor) at 9:56
2nd period
2. Rangers , Patrice Bergeron 7 (Milan Lucic 20) at 13:11
3. Rangers , Colten Teubert 1 (Milan Lucic 21, James Neal 9) at 15:45
Penalties :
Matt Stajan (Van) for Holding (Minor) at 18:19
3rd period
4. Rangers , Milan Lucic 12 (James Neal 10, Patrice Bergeron 12) at 1:15
5. Canucks , Ryan Hollweg 3 (Tom Poti 1, Nik Antropov 3) at 15:39
Penalties :
James Neal (NYR) for Holding Stick (Minor) at 8:09, James Neal (NYR) for Hooking (Minor) at 17:32
Goalie Stats
Braden Holtby (NYR), 37 saves from 39 shots - (0.949), W, 4-1-0, 60:00 minutes
Carey Price (Van), 28 saves from 31 shots - (0.903), L, 5-8-1, 59:40 minutes
Players Stats for Rangers
Player Name G A P +/- PIM S H SB GA TA FO MP PP MP PK MP
------------------------------------------------------------------------------------
Alexei Emelin 0 0 0 0 0 0 1 1 0 0 0/0 13:47 0:00 0:00
Artem Anisimov 0 0 0 -1 0 0 0 1 1 0 2/6 12:58 1:40 0:00
Cam Barker 0 0 0 0 0 1 1 2 0 1 0/0 26:12 2:27 3:07
Colten Teubert 1 0 1 2 0 2 0 2 0 2 0/0 18:20 0:00 1:26
Gustav Nyquist 0 0 0 0 0 3 0 0 0 0 0/0 9:02 0:04 0:00
Jakob Silfverberg 0 0 0 0 0 1 0 0 0 0 0/0 15:45 2:27 0:00
James Neal 0 2 2 3 4 4 1 0 0 0 1/1 20:20 2:14 0:00
Mark Fistric 0 0 0 2 0 3 0 2 0 0 0/0 22:37 1:31 3:07
Matt Read 0 0 0 -1 0 1 0 0 0 0 1/1 11:59 0:04 0:00
Mike Cammalleri 0 0 0 0 2 2 0 2 0 1 0/0 15:58 1:40 1:27
Milan Lucic 1 2 3 3 0 6 2 0 0 1 3/6 23:09 2:14 2:42
Nathan Gerbe 0 0 0 0 0 1 2 0 1 0 0/0 9:42 0:00 1:13
Nick Foligno 0 0 0 -1 0 1 1 1 0 0 1/1 11:28 0:00 0:10
Patrice Bergeron 1 1 2 3 0 3 2 0 0 0 17/27 23:09 2:14 2:42
Ryan Suter 0 0 0 0 0 1 0 1 0 0 0/0 20:58 1:31 0:00
Sean Couturier 0 0 0 0 0 0 3 0 0 0 6/18 15:45 1:40 0:52
Staffan Kronwall 0 0 0 0 0 0 0 1 0 2 0/0 15:13 0:00 1:26
Valtteri Filppula 0 0 0 0 0 2 1 0 0 0 1/3 9:02 0:04 0:00
Players Stats for Canucks
Player Name G A P +/- PIM S H SB GA TA FO MP PP MP PK MP
------------------------------------------------------------------------------------
Alex Goligoski 0 0 0 -1 0 0 4 1 3 0 0/0 28:05 3:16 2:24
Ben Lovejoy 0 0 0 -1 0 2 3 3 0 0 0/0 28:05 3:16 2:24
Clarke MacArthur 1 0 1 -1 0 1 4 1 1 0 0/1 16:33 1:58 1:23
Jamie McBain 0 0 0 0 0 2 1 2 0 1 0/0 19:38 1:17 1:34
Jiri Hudler 0 0 0 -1 0 4 1 0 0 0 0/0 15:59 2:35 0:00
Lasse Kukkonen 0 0 0 -1 0 1 1 1 0 0 0/0 14:44 1:17 1:34
Matt Stajan 0 1 1 -1 2 1 1 0 0 0 9/14 16:17 1:58 0:58
Maxim Afinogenov 0 1 1 0 0 2 5 0 0 0 1/6 19:17 1:58 0:00
Maxim Lapierre 0 0 0 -2 0 1 1 0 0 0 1/3 8:22 0:00 0:41
Mike Ribeiro 0 0 0 0 0 5 2 3 0 0 14/30 22:04 2:35 2:09
Milan Michalek 0 0 0 0 0 6 1 0 0 0 2/2 21:08 2:35 0:46
Nik Antropov 0 1 1 1 0 0 0 1 0 0 2/3 13:48 0:00 0:32
Nikolai Zherdev 0 0 0 -2 0 2 0 1 0 0 0/0 7:17 0:00 0:00
Patrik Elias 0 0 0 -2 0 1 0 0 0 0 0/2 8:57 0:00 1:27
Rene Bourque 0 0 0 1 2 3 0 0 0 0 1/1 13:15 0:00 0:00
Ryan Hollweg 1 0 1 1 0 6 0 0 1 0 1/1 13:03 0:00 0:00
Sami Lepisto 0 0 0 -1 0 0 0 0 2 0 0/0 12:17 0:00 0:00
Tom Poti 0 1 1 0 0 2 1 1 0 1 0/0 17:11 0:00 0:00
3 Stars
1 - Milan Lucic (NYR)
2 - Patrice Bergeron (NYR)
3 - Braden Holtby (NYR)
Power Play
Rangers - 0 on 2 Attempt(s) - 0.00%
Canucks - 1 on 3 Attempt(s) - 33.33%
Penalty Kill
Rangers - 2 on 3 Attempt(s) - 66.67%
- Score 0 goal in Penalty Kill
Canucks - 2 on 2 Attempt(s) - 100.00%
- Score 0 goal in Penalty Kill
Team Stat
Rangers - Hits : 14 - Faceoff Wins : 32 - Blocked Shots : 13 - Penalty Minutes : 6
Canucks - Hits : 25 - Faceoff Wins : 31 - Blocked Shots : 14 - Penalty Minutes : 4
Official
Referees : Lee Chris and Martell Rob
Linesman : David Brisebois and Mark Wheler
Game Notes
No Game Note
Finance
Level 1 -- Attendance: 4363 (72.72%) -- Ticket Income $397,033
Level 2 -- Attendance: 5000 (100.00%) -- Ticket Income $270,000
Level 3 -- Attendance: 1912 (95.60%) -- Ticket Income $66,920
Level 4 -- Attendance: 3954 (98.85%) -- Ticket Income $86,988
Luxury Box -- Attendance: 960 (96.00%) -- Ticket Income $100,800
Game was played at the Budweiser Coliseum.
Total Attendance: 16189 (89.94%)
Total Ticket Income: $921,741
Other Income: $138,261
Total Income: $1,060,002
Rangers
5 vs 5 Forward
Center Left Wing Right Wing Time % Phy DF OF
1 Patrice Bergeron Milan Lucic James Neal 40 1 2 2
2 Sean Couturier Mike Cammalleri Jakob Silfverberg 30 1 2 2
3 Artem Anisimov Nick Foligno Matt Read 20 1 2 2
4 Valtteri Filppula Nathan Gerbe Gustav Nyquist 10 1 2 2
5 vs 5 Defense
Defense Defense Time % Phy DF OF
1 Cam Barker Ryan Suter 40 1 2 2
2 Mark Fistric Colten Teubert 35 1 2 2
3 Staffan Kronwall Alexei Emelin 20 1 2 2
4 Staffan Kronwall Alexei Emelin 5 1 2 2
PowerPlay Forward
Center Left Wing Right Wing Time % Phy DF OF
1 Patrice Bergeron Milan Lucic James Neal 60 1 1 3
2 Sean Couturier Mike Cammalleri Artem Anisimov 40 1 1 3
PowerPlay Defense
Defense Defense Time % Phy DF OF
1 Cam Barker Jakob Silfverberg 60 0 1 4
2 Mark Fistric Ryan Suter 40 0 1 4
Penalty Kill 4 Players Forward
Center Wing Time % Phy DF OF
1 Milan Lucic Patrice Bergeron 60 1 2 2
2 Sean Couturier Mike Cammalleri 40 1 2 2
Penalty Kill 4 Players Defense
Defense Defense Time % Phy DF OF
1 Cam Barker Mark Fistric 60 1 2 2
2 Colten Teubert Staffan Kronwall 40 1 2 2
Penalty Kill - 3 Players Forward
Forward Time % Phy DF OF
1 Milan Lucic 60 1 2 2
2 Patrice Bergeron 40 1 2 2
Penalty Kill - 3 Players Defense
Defense Defense Time % Phy DF OF
1 Cam Barker Mark Fistric 60 1 2 2
2 Colten Teubert Staffan Kronwall 40 1 2 2
4 vs 4 Forward
Center Wing Time % Phy DF OF
1 Milan Lucic Gustav Nyquist 60 1 2 2
2 Sean Couturier Mike Cammalleri 40 1 2 2
4 vs 4 Defense
Defense Defense Time % Phy DF OF
1 Cam Barker Mark Fistric 60 1 2 2
2 Colten Teubert Ryan Suter 40 1 2 2
Last Minutes Offensive
Center Left Wing Right Wing Defense Defense
Patrice Bergeron Milan Lucic James Neal Cam Barker Mark Fistric
Last Minutes Defensive
Center Left Wing Right Wing Defense Defense
Patrice Bergeron Milan Lucic Sean Couturier Cam Barker Mark Fistric
Goaltenders
Starting : Braden Holtby
Backup : Henrik Lundqvist
Extra Forwards
Normal : Matt Read, Valtteri Filppula, Nathan Gerbe - PP : Matt Read, Valtteri Filppula - PK : Nathan Gerbe
Extra Defensemen
Normal : Ryan Suter, Alexei Emelin, Colten Teubert - PP : Ryan Suter - PK : Alexei Emelin, Colten Teubert
Penalty Shots
Milan Lucic, Patrice Bergeron, Artem Anisimov, Mike Cammalleri, James Neal
Scratches
Darren Reid (Severed Left Wrist Tendons Injury), Matt Greene (Abdominal Strain Injury), Stephen Weiss (Sports Hernia Injury)
Canucks
5 vs 5 Forward
Center Left Wing Right Wing Time % Phy DF OF
1 Mike Ribeiro Milan Michalek Maxim Afinogenov 40 1 2 2
2 Matt Stajan Clarke MacArthur Jiri Hudler 30 1 2 2
3 Nik Antropov Ryan Hollweg Rene Bourque 20 1 2 2
4 Maxim Lapierre Patrik Elias Nikolai Zherdev 10 1 2 2
5 vs 5 Defense
Defense Defense Time % Phy DF OF
1 Alex Goligoski Ben Lovejoy 40 1 2 2
2 Tom Poti Jamie McBain 30 1 2 2
3 Lasse Kukkonen Sami Lepisto 20 1 2 2
4 Alex Goligoski Ben Lovejoy 10 1 2 2
PowerPlay Forward
Center Left Wing Right Wing Time % Phy DF OF
1 Mike Ribeiro Milan Michalek Jiri Hudler 60 1 2 2
2 Matt Stajan Clarke MacArthur Maxim Afinogenov 40 1 2 2
PowerPlay Defense
Defense Defense Time % Phy DF OF
1 Alex Goligoski Ben Lovejoy 60 1 2 2
2 Lasse Kukkonen Jamie McBain 40 1 2 2
Penalty Kill 4 Players Forward
Center Wing Time % Phy DF OF
1 Mike Ribeiro Matt Stajan 60 1 2 2
2 Nik Antropov Milan Michalek 40 1 2 2
Penalty Kill 4 Players Defense
Defense Defense Time % Phy DF OF
1 Alex Goligoski Ben Lovejoy 60 1 2 2
2 Lasse Kukkonen Jamie McBain 40 1 2 2
Penalty Kill - 3 Players Forward
Forward Time % Phy DF OF
1 Mike Ribeiro 60 1 2 2
2 Matt Stajan 40 1 2 2
Penalty Kill - 3 Players Defense
Defense Defense Time % Phy DF OF
1 Alex Goligoski Ben Lovejoy 60 1 2 2
2 Lasse Kukkonen Jamie McBain 40 1 2 2
4 vs 4 Forward
Center Wing Time % Phy DF OF
1 Mike Ribeiro Matt Stajan 60 1 2 2
2 Nik Antropov Milan Michalek 40 1 2 2
4 vs 4 Defense
Defense Defense Time % Phy DF OF
1 Alex Goligoski Ben Lovejoy 60 1 2 2
2 Lasse Kukkonen Jamie McBain 40 1 2 2
Last Minutes Offensive
Center Left Wing Right Wing Defense Defense
Mike Ribeiro Milan Michalek Jiri Hudler Alex Goligoski Ben Lovejoy
Last Minutes Defensive
Center Left Wing Right Wing Defense Defense
Mike Ribeiro Milan Michalek Jiri Hudler Alex Goligoski Ben Lovejoy
Goaltenders
Starting : Carey Price
Backup : Karri Ramo
Extra Forwards
Normal : Maxim Lapierre, Ryan Hollweg, Patrik Elias - PP : Maxim Lapierre, Ryan Hollweg - PK : Patrik Elias
Extra Defensemen
Normal : Tom Poti, Sami Lepisto, Lasse Kukkonen - PP : Tom Poti - PK : Sami Lepisto, Lasse Kukkonen
Penalty Shots
Mike Ribeiro, Matt Stajan, Nik Antropov, Milan Michalek, Clarke MacArthur
Scratches
None
% Time on Ice - Rangers
Lines # - Real PCT - Wanted PCT - Time Play
Normal Forward
1 - 37% - 40% - 18:45
2 - 25% - 30% - 12:52
3 - 22% - 20% - 11:18
4 - 16% - 10% - 8:21
Normal Defense
1 - 40% - 40% - 20:25
2 - 33% - 35% - 17:04
3 - 21% - 20% - 10:54
4 - 6% - 5% - 2:53
PP Forward
1 - 58% - 60% - 2:18
2 - 42% - 40% - 1:40
PP Defense
1 - 62% - 60% - 2:27
2 - 38% - 40% - 1:31
PK Forward
1 - 86% - 60% - 3:54
2 - 14% - 40% - 0:39
PK Defense
1 - 68% - 60% - 3:07
2 - 32% - 40% - 1:26
PK3 Forward
1 - 0% - 60%
2 - 0% - 40%
PK3 Defense
1 - 0% - 60%
2 - 0% - 40%
44 Forward
1 - 0% - 60%
2 - 0% - 40%
44 Defense
1 - 0% - 60%
2 - 0% - 40%
Last Minute Offensive - 0:00
Last Minute Defensive - 0:13
Total
Forward - 60:00
Defense - 60:00
|
% Time on Ice - Canucks
Lines # - Real PCT - Wanted PCT - Time Play
Normal Forward
1 - 34% - 40% - 17:20
2 - 27% - 30% - 13:49
3 - 25% - 20% - 12:39
4 - 14% - 10% - 7:17
Normal Defense
1 - 39% - 40% - 19:43
2 - 33% - 30% - 16:47
3 - 23% - 20% - 11:53
4 - 5% - 10% - 2:42
PP Forward
1 - 57% - 60% - 2:35
2 - 43% - 40% - 1:58
PP Defense
1 - 72% - 60% - 3:16
2 - 28% - 40% - 1:17
PK Forward
1 - 87% - 60% - 3:26
2 - 13% - 40% - 0:32
PK Defense
1 - 61% - 60% - 2:24
2 - 39% - 40% - 1:34
PK3 Forward
1 - 0% - 60%
2 - 0% - 40%
PK3 Defense
1 - 0% - 60%
2 - 0% - 40%
44 Forward
1 - 0% - 60%
2 - 0% - 40%
44 Defense
1 - 0% - 60%
2 - 0% - 40%
Last Minute Offensive - 0:24
Last Minute Defensive - 0:00
Total
Forward - 60:00
Defense - 60:00
|
Play by Play
1st period
0:01 of 1st period - Patrice Bergeron wins face-off versus Mike Ribeiro in neutral zone.
0:14 of 1st period - Wrist shot by Milan Lucic.
0:14 of 1st period - Stopped by Carey Price without a rebound.
0:15 of 1st period - Matt Stajan wins face-off versus Sean Couturier in Canucks zone.
0:21 of 1st period - Minor Penalty to Mike Cammalleri for Tripping.
0:22 of 1st period - Milan Lucic wins face-off versus Mike Ribeiro in Rangers zone.
0:56 of 1st period - Snap shot by Clarke MacArthur.
0:56 of 1st period - Goal by Clarke MacArthur - Rangers : 0 - Canucks : 1.
0:57 of 1st period - Rene Bourque wins face-off versus Artem Anisimov in neutral zone.
1:04 of 1st period - Snap shot by Ryan Hollweg.
1:04 of 1st period - Stopped by Braden Holtby with a rebound.
2:49 of 1st period - Jiri Hudler is hit by Patrice Bergeron and loses puck.
3:47 of 1st period - Patrik Elias is hit by Valtteri Filppula and loses puck.
4:41 of 1st period - Staffan Kronwall is hit by Alex Goligoski and loses puck.
5:57 of 1st period - Snap shot by Rene Bourque.
5:57 of 1st period - Shot Misses the Net.
5:59 of 1st period - Slapshot by Lasse Kukkonen.
5:59 of 1st period - Stopped by Braden Holtby without a rebound.
6:00 of 1st period - Patrice Bergeron wins face-off versus Maxim Afinogenov in Rangers zone.
6:00 of 1st period - Patrice Bergeron is hit by Milan Michalek.
6:08 of 1st period - Snap shot by Maxim Afinogenov.
6:08 of 1st period - Stopped by Braden Holtby without a rebound.
6:09 of 1st period - Patrice Bergeron wins face-off versus Maxim Afinogenov in Rangers zone.
6:09 of 1st period - Patrice Bergeron is hit by Ben Lovejoy.
6:19 of 1st period - Colten Teubert is hit by Maxim Afinogenov and loses puck.
6:42 of 1st period - Wrist shot by Milan Michalek.
6:42 of 1st period - Shot Blocked by Colten Teubert.
6:58 of 1st period - James Neal is hit by Maxim Afinogenov and loses puck.
7:15 of 1st period - Alex Goligoski is hit by Patrice Bergeron and loses puck.
7:26 of 1st period - Slapshot by Mike Ribeiro.
7:26 of 1st period - Shot Misses the Net.
7:28 of 1st period - Wrist shot by Milan Michalek.
7:28 of 1st period - Shot Misses the Net.
7:30 of 1st period - Slapshot by Ben Lovejoy.
7:30 of 1st period - Shot Blocked by Mark Fistric.
7:42 of 1st period - Wrist shot by Mike Ribeiro.
7:42 of 1st period - Shot Misses the Net.
7:44 of 1st period - Slapshot by Ben Lovejoy.
7:44 of 1st period - Stopped by Braden Holtby without a rebound.
7:45 of 1st period - Matt Stajan wins face-off versus Sean Couturier in Rangers zone.
8:18 of 1st period - Snap shot by Maxim Lapierre.
8:18 of 1st period - Stopped by Braden Holtby without a rebound.
8:19 of 1st period - Matt Stajan wins face-off versus Artem Anisimov in Rangers zone.
8:28 of 1st period - Wrist shot by Clarke MacArthur.
8:28 of 1st period - Shot Blocked by Alexei Emelin.
8:56 of 1st period - Wrist shot by Mike Cammalleri.
8:56 of 1st period - Stopped by Carey Price with a rebound.
9:12 of 1st period - Slapshot by Nikolai Zherdev.
9:12 of 1st period - Shot Misses the Net.
9:14 of 1st period - Wrist shot by Nikolai Zherdev.
9:14 of 1st period - Shot Blocked by Staffan Kronwall.
9:16 of 1st period - Backhand shot by Nikolai Zherdev.
9:16 of 1st period - Stopped by Braden Holtby with a rebound.
9:56 of 1st period - Minor Penalty to Rene Bourque for Hooking.
9:57 of 1st period - Patrice Bergeron wins face-off versus Mike Ribeiro in Canucks zone.
11:01 of 1st period - Lasse Kukkonen is hit by Sean Couturier and loses puck.
11:45 of 1st period - Patrice Bergeron is hit by Lasse Kukkonen and loses puck.
11:56 of 1st period - Penalty to Rene Bourque is over, Rene Bourque is back on ice.
12:22 of 1st period - Slapshot by Mark Fistric.
12:22 of 1st period - Shot Blocked by Ben Lovejoy.
12:24 of 1st period - Wrist shot by Gustav Nyquist.
12:24 of 1st period - Shot Misses the Net.
12:26 of 1st period - Slapshot by Gustav Nyquist.
12:26 of 1st period - Shot Blocked by Ben Lovejoy.
12:28 of 1st period - Slapshot by Mark Fistric.
12:28 of 1st period - Stopped by Carey Price with a rebound.
12:30 of 1st period - Snap shot by Matt Read.
12:30 of 1st period - Shot Blocked by Alex Goligoski.
12:32 of 1st period - Wrist shot by Valtteri Filppula.
12:32 of 1st period - Stopped by Carey Price without a rebound.
12:33 of 1st period - Sean Couturier wins face-off versus Patrik Elias in Canucks zone.
12:50 of 1st period - James Neal is hit by Jiri Hudler and loses puck.
12:57 of 1st period - Wrist shot by Matt Stajan.
12:57 of 1st period - Shot Misses the Net.
13:42 of 1st period - Nik Antropov is hit by Nathan Gerbe and loses puck.
14:03 of 1st period - Slapshot by Patrice Bergeron.
14:03 of 1st period - Shot Misses the Net.
15:20 of 1st period - Sami Lepisto is hit by Sean Couturier and loses puck.
15:56 of 1st period - Ryan Suter is hit by Jamie McBain and loses puck.
16:17 of 1st period - Icing by Tom Poti.
16:18 of 1st period - Patrice Bergeron wins face-off versus Nik Antropov in Canucks zone.
16:31 of 1st period - Backhand shot by Jamie McBain.
16:31 of 1st period - Shot Misses the Net.
16:49 of 1st period - Wrist shot by Jamie McBain.
16:49 of 1st period - Deflect By Mark Fistric.
16:49 of 1st period - Stopped by Braden Holtby with a rebound.
16:51 of 1st period - Slapshot by Rene Bourque.
16:51 of 1st period - Stopped by Braden Holtby without a rebound.
16:52 of 1st period - Mike Ribeiro wins face-off versus Patrice Bergeron in Rangers zone.
17:03 of 1st period - Slapshot by Alex Goligoski.
17:03 of 1st period - Deflect By Mike Ribeiro.
17:03 of 1st period - Stopped by Braden Holtby without a rebound.
17:04 of 1st period - Patrice Bergeron wins face-off versus Maxim Afinogenov in Rangers zone.
17:15 of 1st period - Snap shot by James Neal.
17:15 of 1st period - Stopped by Carey Price without a rebound.
17:16 of 1st period - Mike Ribeiro wins face-off versus Sean Couturier in Canucks zone.
17:25 of 1st period - Wrist shot by Maxim Afinogenov.
17:25 of 1st period - Shot Misses the Net.
17:31 of 1st period - Slapshot by Cam Barker.
17:31 of 1st period - Deflect By Mike Cammalleri.
17:31 of 1st period - Shot Blocked by Mike Ribeiro.
17:31 of 1st period - Puck is out of play.
17:32 of 1st period - Patrice Bergeron wins face-off versus Matt Stajan in Canucks zone.
17:43 of 1st period - Wrist shot by James Neal.
17:43 of 1st period - Shot Misses the Net.
17:45 of 1st period - Wrist shot by Milan Lucic.
17:45 of 1st period - Stopped by Carey Price without a rebound.
17:46 of 1st period - Sean Couturier wins face-off versus Maxim Afinogenov in Canucks zone.
18:36 of 1st period - Wrist shot by Maxim Lapierre.
18:36 of 1st period - Shot Misses the Net.
18:38 of 1st period - Snap shot by Nikolai Zherdev.
18:38 of 1st period - Stopped by Braden Holtby with a rebound.
18:40 of 1st period - Slapshot by Ben Lovejoy.
18:40 of 1st period - Deflect By Artem Anisimov.
18:40 of 1st period - Stopped by Braden Holtby with a rebound.
18:50 of 1st period - Snap shot by Ryan Hollweg.
18:50 of 1st period - Stopped by Braden Holtby without a rebound.
18:51 of 1st period - Nik Antropov wins face-off versus Valtteri Filppula in Rangers zone.
18:52 of 1st period - Wrist shot by Rene Bourque.
18:52 of 1st period - Stopped by Braden Holtby without a rebound.
18:53 of 1st period - Ryan Hollweg wins face-off versus Valtteri Filppula in Rangers zone.
19:45 of 1st period - Mike Cammalleri is hit by Clarke MacArthur and loses puck.
Goals for this period are 0 for Rangers vs 1 for Canucks.
Shots for this period are 6 for Rangers vs 14 for Canucks.
2nd period
0:01 of 2nd period - Mike Ribeiro wins face-off versus Patrice Bergeron in neutral zone.
0:10 of 2nd period - Slapshot by Milan Michalek.
0:10 of 2nd period - Stopped by Braden Holtby without a rebound.
0:11 of 2nd period - Patrice Bergeron wins face-off versus Mike Ribeiro in Rangers zone.
0:18 of 2nd period - Wrist shot by James Neal.
0:18 of 2nd period - Stopped by Carey Price with a rebound.
0:20 of 2nd period - Slapshot by Ryan Suter.
0:20 of 2nd period - Stopped by Carey Price without a rebound.
0:21 of 2nd period - Mike Ribeiro wins face-off versus Patrice Bergeron in Canucks zone.
0:38 of 2nd period - Snap shot by Milan Michalek.
0:38 of 2nd period - Shot Misses the Net.
1:12 of 2nd period - Slapshot by Mike Ribeiro.
1:12 of 2nd period - Stopped by Braden Holtby with a rebound.
1:18 of 2nd period - Milan Lucic is hit by Maxim Afinogenov.
1:40 of 2nd period - Snap shot by James Neal.
1:40 of 2nd period - Stopped by Carey Price without a rebound.
1:41 of 2nd period - Sean Couturier wins face-off versus Matt Stajan in Canucks zone.
2:11 of 2nd period - Slapshot by Mark Fistric.
2:11 of 2nd period - Shot Misses the Net.
2:13 of 2nd period - Slapshot by Colten Teubert.
2:13 of 2nd period - Shot Blocked by Jamie McBain.
2:15 of 2nd period - Wrist shot by Artem Anisimov.
2:15 of 2nd period - Shot Blocked by Tom Poti.
2:17 of 2nd period - Snap shot by Artem Anisimov.
2:17 of 2nd period - Shot Blocked by Jamie McBain.
2:19 of 2nd period - Snap shot by Colten Teubert.
2:19 of 2nd period - Stopped by Carey Price with a rebound.
2:37 of 2nd period - Slapshot by Gustav Nyquist.
2:37 of 2nd period - Stopped by Carey Price without a rebound.
2:38 of 2nd period - Sean Couturier wins face-off versus Clarke MacArthur in Canucks zone.
3:13 of 2nd period - Snap shot by Matt Read.
3:13 of 2nd period - Deflect By Artem Anisimov.
3:13 of 2nd period - Shot Misses the Net.
3:13 of 2nd period - Puck is out of play.
3:14 of 2nd period - Mike Ribeiro wins face-off versus Artem Anisimov in Canucks zone.
3:29 of 2nd period - Wrist shot by Milan Michalek.
3:29 of 2nd period - Shot Blocked by Ryan Suter.
4:31 of 2nd period - Slapshot by Alex Goligoski.
4:31 of 2nd period - Shot Blocked by Colten Teubert.
4:51 of 2nd period - Slapshot by Jamie McBain.
4:51 of 2nd period - Stopped by Braden Holtby with a rebound.
4:53 of 2nd period - Snap shot by Milan Michalek.
4:53 of 2nd period - Shot Blocked by Nick Foligno.
4:55 of 2nd period - Snap shot by Maxim Afinogenov.
4:55 of 2nd period - Shot Misses the Net.
5:09 of 2nd period - Snap shot by Sean Couturier.
5:09 of 2nd period - Shot Misses the Net.
6:56 of 2nd period - Wrist shot by Patrice Bergeron.
6:56 of 2nd period - Stopped by Carey Price with a rebound.
6:58 of 2nd period - Snap shot by Alexei Emelin.
6:58 of 2nd period - Shot Misses the Net.
7:19 of 2nd period - Slapshot by Nathan Gerbe.
7:19 of 2nd period - Shot Misses the Net.
7:45 of 2nd period - Artem Anisimov is hit by Clarke MacArthur and loses puck.
8:24 of 2nd period - Milan Lucic is hit by Maxim Lapierre.
8:28 of 2nd period - Colten Teubert is hit by Alex Goligoski and loses puck.
8:41 of 2nd period - Alexei Emelin is hit by Alex Goligoski and loses puck.
9:54 of 2nd period - Ben Lovejoy is hit by Milan Lucic and loses puck.
9:59 of 2nd period - Snap shot by Milan Lucic.
9:59 of 2nd period - Stopped by Carey Price with a rebound.
10:01 of 2nd period - Snap shot by Cam Barker.
10:01 of 2nd period - Stopped by Carey Price with a rebound.
10:32 of 2nd period - Nik Antropov is hit by Sean Couturier.
11:06 of 2nd period - Milan Lucic is hit by Mike Ribeiro.
11:10 of 2nd period - Snap shot by Mark Fistric.
11:10 of 2nd period - Stopped by Carey Price without a rebound.
11:11 of 2nd period - Matt Read wins face-off versus Maxim Lapierre in Canucks zone.
11:27 of 2nd period - Nikolai Zherdev is hit by Nick Foligno and loses puck.
12:00 of 2nd period - Snap shot by Clarke MacArthur.
12:00 of 2nd period - Shot Misses the Net.
12:02 of 2nd period - Snap shot by Jiri Hudler.
12:02 of 2nd period - Shot Blocked by Mike Cammalleri.
12:14 of 2nd period - Sean Couturier is hit by Clarke MacArthur and loses puck.
12:31 of 2nd period - Wrist shot by Gustav Nyquist.
12:31 of 2nd period - Stopped by Carey Price with a rebound.
13:11 of 2nd period - Wrist shot by Patrice Bergeron.
13:11 of 2nd period - Goal by Patrice Bergeron - Rangers : 1 - Canucks : 1.
13:12 of 2nd period - James Neal wins face-off versus Mike Ribeiro in neutral zone.
13:22 of 2nd period - Snap shot by Milan Michalek.
13:22 of 2nd period - Stopped by Braden Holtby with a rebound.
13:24 of 2nd period - Snap shot by Mike Ribeiro.
13:24 of 2nd period - Stopped by Braden Holtby without a rebound.
13:25 of 2nd period - Mike Ribeiro wins face-off versus Patrice Bergeron in Rangers zone.
13:38 of 2nd period - Milan Michalek is hit by James Neal and loses puck.
14:06 of 2nd period - Icing by Mike Ribeiro.
14:07 of 2nd period - Patrice Bergeron wins face-off versus Mike Ribeiro in Canucks zone.
14:44 of 2nd period - Slapshot by Mike Ribeiro.
14:44 of 2nd period - Shot Misses the Net.
14:46 of 2nd period - Slapshot by Mike Ribeiro.
14:46 of 2nd period - Stopped by Braden Holtby without a rebound.
14:47 of 2nd period - Matt Stajan wins face-off versus Sean Couturier in Rangers zone.
14:48 of 2nd period - Snap shot by Jiri Hudler.
14:48 of 2nd period - Stopped by Braden Holtby without a rebound.
14:49 of 2nd period - Matt Stajan wins face-off versus Sean Couturier in Rangers zone.
15:25 of 2nd period - Wrist shot by Ryan Hollweg.
15:25 of 2nd period - Stopped by Braden Holtby with a rebound.
15:27 of 2nd period - Wrist shot by Nik Antropov.
15:27 of 2nd period - Shot Blocked by Mark Fistric.
15:43 of 2nd period - Wrist shot by Milan Lucic.
15:43 of 2nd period - Stopped by Carey Price with a rebound.
15:45 of 2nd period - Slapshot by Colten Teubert.
15:45 of 2nd period - Goal by Colten Teubert - Rangers : 2 - Canucks : 1.
15:46 of 2nd period - Sean Couturier wins face-off versus Mike Ribeiro in neutral zone.
15:54 of 2nd period - Wrist shot by Sean Couturier.
15:54 of 2nd period - Shot Misses the Net.
16:00 of 2nd period - Sean Couturier is hit by Alex Goligoski and loses puck.
16:57 of 2nd period - Maxim Lapierre is hit by Alexei Emelin and loses puck.
17:38 of 2nd period - Snap shot by Jakob Silfverberg.
17:38 of 2nd period - Shot Misses the Net.
17:40 of 2nd period - Wrist shot by Mike Cammalleri.
17:40 of 2nd period - Deflect By Jakob Silfverberg.
17:40 of 2nd period - Stopped by Carey Price without a rebound.
17:41 of 2nd period - Patrice Bergeron wins face-off versus Matt Stajan in Canucks zone.
17:42 of 2nd period - Wrist shot by James Neal.
17:42 of 2nd period - Shot Misses the Net.
17:44 of 2nd period - Wrist shot by Milan Lucic.
17:44 of 2nd period - Shot Blocked by Clarke MacArthur.
17:50 of 2nd period - Wrist shot by Milan Lucic.
17:50 of 2nd period - Stopped by Carey Price without a rebound.
17:51 of 2nd period - Patrice Bergeron wins face-off versus Matt Stajan in Canucks zone.
18:19 of 2nd period - Minor Penalty to Matt Stajan for Holding.
18:20 of 2nd period - Patrice Bergeron wins face-off versus Mike Ribeiro in Canucks zone.
19:49 of 2nd period - Maxim Lapierre is hit by Cam Barker and loses puck.
Goals for this period are 2 for Rangers vs 0 for Canucks.
Shots for this period are 15 for Rangers vs 8 for Canucks.
3rd period
0:01 of 3rd period - Mike Ribeiro wins face-off versus Patrice Bergeron in neutral zone.
0:06 of 3rd period - Snap shot by Patrik Elias.
0:06 of 3rd period - Stopped by Braden Holtby without a rebound.
0:07 of 3rd period - Patrice Bergeron wins face-off versus Patrik Elias in Rangers zone.
0:19 of 3rd period - Penalty to Matt Stajan is over, Matt Stajan is back on ice.
0:42 of 3rd period - Wrist shot by Rene Bourque.
0:42 of 3rd period - Stopped by Braden Holtby with a rebound.
0:44 of 3rd period - Snap shot by Ryan Hollweg.
0:44 of 3rd period - Stopped by Braden Holtby without a rebound.
0:45 of 3rd period - Patrice Bergeron wins face-off versus Matt Stajan in Rangers zone.
1:15 of 3rd period - Snap shot by Milan Lucic.
1:15 of 3rd period - Goal by Milan Lucic - Rangers : 3 - Canucks : 1.
1:16 of 3rd period - Mike Ribeiro wins face-off versus Sean Couturier in neutral zone.
1:41 of 3rd period - Ryan Suter is hit by Clarke MacArthur and loses puck.
2:06 of 3rd period - Slapshot by Jamie McBain.
2:06 of 3rd period - Shot Blocked by Artem Anisimov.
2:08 of 3rd period - Wrist shot by Ryan Hollweg.
2:08 of 3rd period - Shot Misses the Net.
2:10 of 3rd period - Slapshot by Sami Lepisto.
2:10 of 3rd period - Shot Misses the Net.
2:45 of 3rd period - Backhand shot by Mike Cammalleri.
2:45 of 3rd period - Shot Blocked by Mike Ribeiro.
2:47 of 3rd period - Slapshot by Mark Fistric.
2:47 of 3rd period - Deflect By Maxim Afinogenov.
2:47 of 3rd period - Stopped by Carey Price with a rebound.
2:49 of 3rd period - Snap shot by Mike Cammalleri.
2:49 of 3rd period - Stopped by Carey Price without a rebound.
2:50 of 3rd period - Matt Stajan wins face-off versus Sean Couturier in Canucks zone.
2:59 of 3rd period - Backhand shot by Matt Stajan.
2:59 of 3rd period - Stopped by Braden Holtby without a rebound.
3:00 of 3rd period - Matt Stajan wins face-off versus Sean Couturier in Rangers zone.
3:03 of 3rd period - Snap shot by Jiri Hudler.
3:03 of 3rd period - Stopped by Braden Holtby without a rebound.
3:04 of 3rd period - Mike Ribeiro wins face-off versus Sean Couturier in Rangers zone.
3:13 of 3rd period - Snap shot by Milan Michalek.
3:13 of 3rd period - Shot Blocked by Cam Barker.
3:21 of 3rd period - Slapshot by Alex Goligoski.
3:21 of 3rd period - Shot Blocked by Cam Barker.
3:31 of 3rd period - Matt Stajan is hit by Milan Lucic and loses puck.
4:14 of 3rd period - Wrist shot by Valtteri Filppula.
4:14 of 3rd period - Stopped by Carey Price without a rebound.
4:15 of 3rd period - Valtteri Filppula wins face-off versus Maxim Lapierre in Canucks zone.
4:20 of 3rd period - Snap shot by Nathan Gerbe.
4:20 of 3rd period - Shot Blocked by Lasse Kukkonen.
4:22 of 3rd period - Slapshot by Colten Teubert.
4:22 of 3rd period - Deflect By Nathan Gerbe.
4:22 of 3rd period - Stopped by Carey Price without a rebound.
4:23 of 3rd period - Milan Michalek wins face-off versus Sean Couturier in Canucks zone.
4:28 of 3rd period - Sean Couturier is hit by Ben Lovejoy and loses puck.
4:39 of 3rd period - Wrist shot by Milan Michalek.
4:39 of 3rd period - Shot Misses the Net.
4:49 of 3rd period - Slapshot by Rene Bourque.
4:49 of 3rd period - Shot Misses the Net.
7:24 of 3rd period - Off-side.
7:25 of 3rd period - Artem Anisimov wins face-off versus Maxim Afinogenov in neutral zone.
7:35 of 3rd period - Off-side.
7:36 of 3rd period - Milan Michalek wins face-off versus Milan Lucic in neutral zone.
7:49 of 3rd period - Wrist shot by Milan Michalek.
7:49 of 3rd period - Stopped by Braden Holtby without a rebound.
7:50 of 3rd period - Mike Ribeiro wins face-off versus Sean Couturier in Rangers zone.
7:58 of 3rd period - Icing by Mike Cammalleri.
7:59 of 3rd period - Mike Ribeiro wins face-off versus Sean Couturier in Rangers zone.
8:00 of 3rd period - Snap shot by Milan Michalek.
8:00 of 3rd period - Stopped by Braden Holtby without a rebound.
8:01 of 3rd period - Maxim Afinogenov wins face-off versus Patrice Bergeron in Rangers zone.
8:09 of 3rd period - Minor Penalty to James Neal for Holding Stick.
8:10 of 3rd period - Mike Ribeiro wins face-off versus Milan Lucic in Rangers zone.
8:26 of 3rd period - Slapshot by Patrice Bergeron.
8:26 of 3rd period - Stopped by Carey Price without a rebound.
8:27 of 3rd period - Milan Lucic wins face-off versus Mike Ribeiro in Canucks zone.
8:30 of 3rd period - Snap shot by Milan Lucic.
8:30 of 3rd period - Shot Blocked by Mike Ribeiro.
8:54 of 3rd period - Mark Fistric is hit by Maxim Afinogenov and loses puck.
10:09 of 3rd period - Penalty to James Neal is over, James Neal is back on ice.
11:20 of 3rd period - Slapshot by Gustav Nyquist.
11:20 of 3rd period - Stopped by Carey Price with a rebound.
11:30 of 3rd period - Sami Lepisto is hit by Nathan Gerbe and loses puck.
11:35 of 3rd period - Wrist shot by Valtteri Filppula.
11:35 of 3rd period - Shot Misses the Net.
11:53 of 3rd period - Slapshot by Nathan Gerbe.
11:53 of 3rd period - Shot Blocked by Nik Antropov.
11:55 of 3rd period - Wrist shot by Nathan Gerbe.
11:55 of 3rd period - Shot Misses the Net.
12:04 of 3rd period - Off-side.
12:05 of 3rd period - Patrice Bergeron wins face-off versus Mike Ribeiro in neutral zone.
12:12 of 3rd period - Wrist shot by James Neal.
12:12 of 3rd period - Stopped by Carey Price without a rebound.
12:13 of 3rd period - Patrice Bergeron wins face-off versus Mike Ribeiro in Canucks zone.
12:45 of 3rd period - Off-side.
12:46 of 3rd period - Matt Stajan wins face-off versus Patrice Bergeron in neutral zone.
13:01 of 3rd period - Wrist shot by Jiri Hudler.
13:01 of 3rd period - Stopped by Braden Holtby without a rebound.
13:02 of 3rd period - Sean Couturier wins face-off versus Mike Ribeiro in Rangers zone.
13:50 of 3rd period - Snap shot by Matt Read.
13:50 of 3rd period - Deflect By Nick Foligno.
13:50 of 3rd period - Stopped by Carey Price with a rebound.
13:56 of 3rd period - Slapshot by Matt Read.
13:56 of 3rd period - Deflect By Artem Anisimov.
13:56 of 3rd period - Shot Blocked by Nikolai Zherdev.
13:56 of 3rd period - Puck is out of play.
13:57 of 3rd period - Patrice Bergeron wins face-off versus Mike Ribeiro in Canucks zone.
14:04 of 3rd period - Milan Lucic is hit by Mike Ribeiro and loses puck.
14:25 of 3rd period - Slapshot by Jamie McBain.
14:25 of 3rd period - Shot Blocked by Mike Cammalleri.
14:27 of 3rd period - Slapshot by Tom Poti.
14:27 of 3rd period - Shot Misses the Net.
14:29 of 3rd period - Slapshot by Jamie McBain.
14:29 of 3rd period - Shot Misses the Net.
14:56 of 3rd period - Off-side.
14:57 of 3rd period - Mike Ribeiro wins face-off versus Patrice Bergeron in neutral zone.
15:29 of 3rd period - Snap shot by Colten Teubert.
15:29 of 3rd period - Deflect By James Neal.
15:29 of 3rd period - Shot Blocked by Ben Lovejoy.
15:29 of 3rd period - Puck is out of play.
15:30 of 3rd period - Nik Antropov wins face-off versus Artem Anisimov in Canucks zone.
15:35 of 3rd period - Slapshot by Tom Poti.
15:35 of 3rd period - Deflect By Nick Foligno.
15:35 of 3rd period - Stopped by Braden Holtby with a rebound.
15:37 of 3rd period - Snap shot by Ryan Hollweg.
15:37 of 3rd period - Stopped by Braden Holtby with a rebound.
15:39 of 3rd period - Slapshot by Ryan Hollweg.
15:39 of 3rd period - Goal by Ryan Hollweg - Rangers : 3 - Canucks : 2.
15:40 of 3rd period - Nick Foligno wins face-off versus Mike Ribeiro in neutral zone.
15:48 of 3rd period - Icing by Milan Michalek.
15:49 of 3rd period - Artem Anisimov wins face-off versus Mike Ribeiro in Canucks zone.
15:50 of 3rd period - Snap shot by Matt Read.
15:50 of 3rd period - Stopped by Carey Price with a rebound.
16:00 of 3rd period - Slapshot by Alex Goligoski.
16:00 of 3rd period - Shot Misses the Net.
16:08 of 3rd period - Wrist shot by Maxim Afinogenov.
16:08 of 3rd period - Stopped by Braden Holtby without a rebound.
16:09 of 3rd period - Matt Stajan wins face-off versus Patrice Bergeron in Rangers zone.
16:36 of 3rd period - Mark Fistric is hit by Tom Poti and loses puck.
16:46 of 3rd period - Snap shot by Milan Michalek.
16:46 of 3rd period - Deflect By Cam Barker.
16:46 of 3rd period - Stopped by Braden Holtby with a rebound.
17:32 of 3rd period - Minor Penalty to James Neal for Hooking.
17:33 of 3rd period - Mike Ribeiro wins face-off versus Milan Lucic in Rangers zone.
17:34 of 3rd period - Slapshot by Alex Goligoski.
17:34 of 3rd period - Deflect By Mike Ribeiro.
17:34 of 3rd period - Stopped by Braden Holtby with a rebound.
17:36 of 3rd period - Snap shot by Jiri Hudler.
17:36 of 3rd period - Stopped by Braden Holtby without a rebound.
17:37 of 3rd period - Milan Lucic wins face-off versus Mike Ribeiro in Rangers zone.
17:37 of 3rd period - Milan Lucic is hit by Ben Lovejoy.
17:49 of 3rd period - Snap shot by Milan Michalek.
17:49 of 3rd period - Stopped by Braden Holtby with a rebound.
18:09 of 3rd period - Cam Barker is hit by Matt Stajan and loses puck.
19:31 of 3rd period - Cam Barker is hit by Maxim Afinogenov and loses puck.
19:32 of 3rd period - Penalty to James Neal is over, James Neal is back on ice.
19:40 of 3rd period - Canucks, Carey Price is pulled from the net.
19:44 of 3rd period - Snap shot by Maxim Lapierre.
19:44 of 3rd period - Shot Misses the Net.
19:46 of 3rd period - Slapshot by Tom Poti.
19:46 of 3rd period - Deflect By Milan Lucic.
19:46 of 3rd period - Stopped by Braden Holtby without a rebound.
19:47 of 3rd period - John Tortorella call a timeout for Canucks.
19:47 of 3rd period - Maxim Lapierre wins face-off versus Patrice Bergeron in Rangers zone.
Goals for this period are 1 for Rangers vs 1 for Canucks.
Shots for this period are 10 for Rangers vs 17 for Canucks.
Back to the Top